 Dungeon Crawl Stone Soup version 0.28.0-43-g3370ac3207 (console) character file.

Game seed: 3255612740176242320

200 Zeor the Poker (level 5, -1/46 HPs)
             Began as a Draconian Monk on Mar 26, 2022.
             Slain by Ijyb
             ... wielding a +2 dagger of pain
              (2 damage)
             ... on level 3 of the Dungeon.
             The game lasted 00:06:32 (3192 turns).

Zeor the Poker (Draconian Monk)                     Turns: 3192, Time: 00:06:33

Health: -1/46      AC:  5    Str: 14    XL:     5   Next: 48%
Magic:  5/5        EV: 13    Int: 10    God:
Gold:   111        SH:  0    Dex: 15    Spells: 4/4 levels left

rFire   . . .      SeeInvis .   a - +0 spear
rCold   . . .      Faith    .   (no shield)
rNeg    . . .      Spirit   .   (armour unavailable)
rPois   .          Reflect  .   (helmet restricted)
rElec   .          Harm     .   (no cloak)
rCorr   .          Rampage  .   (no gloves)
Will    .....                   (no boots)
Stlth   ++........              (no amulet)
HPRegen 0.15/turn               (no ring)
MPRegen 0.09/turn               (no ring)

@: flying
A: AC +5, unfitting armour, cold-blooded
a: no special abilities


You were on level 3 of the Dungeon.
You visited 1 branch of the dungeon, and saw 3 of its levels.

You collected 111 gold pieces.

Inventory:

Hand Weapons
 a - a +0 spear (weapon)
Wands
 b - a wand of polymorph (1)


   Skills:
 + Level 3.8 Fighting
 * Level 5.1 Polearms
 + Level 3.4 Dodging
 + Level 2.6 Stealth


You had 4 spell levels left.
You didn't know any spells.
Your spell library contained the following spells:

 Spells                   Type           Power      Damage    Failure   Level
 Sting                    Tmut/Pois      0%         1d3       36%         1
 Poisonous Vapours        Pois/Air       0%         N/A       50%         2
 Sublimation of Blood     Necr           0%         N/A       50%         2
 Wereblood                Tmut           0%         N/A       50%         2
 Olgreb's Toxic Radiance  Pois           0%         N/A       98%         4
 Summon Hydra             Summ           0%         N/A       100%        7


Dungeon Overview and Level Annotations

Branches:
Dungeon (3/15)

Altars:

Annotations:
D:2 1 runed translucent door, Crazy Yiuf
D:3 Ijyb


Innate Abilities, Weirdness & Mutations

Your plain brown scales are hard. (AC +5)
You cannot fit into any form of body armour.
You are cold-blooded and may be slowed by cold attacks.


Message History

Ijyb is lightly wounded.
Ijyb closely misses you.
You hit Ijyb.
Ijyb is lightly wounded.
Ijyb barely misses you.
You hit Ijyb but do no damage.
Ijyb is lightly wounded.
Ijyb hits you with a +2 dagger of pain.
You closely miss Ijyb.
Your tail-slap misses Ijyb.
Ijyb is lightly wounded.
You hit Ijyb but do no damage.
Your tail-slap misses Ijyb.
Ijyb is lightly wounded.
Ijyb screams, "No!
No, no, no, no!"
Ijyb misses you.
You closely miss Ijyb.
Ijyb is lightly wounded.
Ijyb hits you but does no damage.
You barely miss Ijyb.
Ijyb is lightly wounded.
Ijyb hits you with a +2 dagger of pain!
* * * LOW HITPOINT WARNING * * *
You closely miss Ijyb.
Ijyb is lightly wounded.
Ijyb zaps a wand.
The puff of flame hits you!
* * * LOW HITPOINT WARNING * * *
You feel very buoyant.
You fly up into the air.
Ijyb barely misses you.
The ball python hisses angrily.
You hit Ijyb.
Your tail-slap misses Ijyb.
Ijyb is moderately wounded.
The rat closely misses you.
A ball python comes into view.
Ijyb barely misses you.
The ball python hisses angrily.
You hit Ijyb but do no damage.
Ijyb is moderately wounded.
The rat completely misses you. Ijyb hits you with a +2 dagger of pain.
* * * LOW HITPOINT WARNING * * *
You writhe in agony.
You die... ∙∙∙∙∙∙♣∙P♣∙∙▒▒ ▒∙∙∙∙∙∙∙ S∙∙∙∙∙♣∙∙∙∙∙∙▒▒▒▒▒∙∙∙▒▒▒▒ ∙∙∙∙∙P∙▄∙∙∙∙∙∙∙∙∙∙∙∙∙∙∙∙∙ ∙∙∙∙∙P∙♣∙♣∙∙[∙∙∙∙∙∙∙∙∙∙∙∙ ∙S∙g∙∙PS∙∙∙∙∙∙∙∙∙∙∙∙∙∙∙∙∙

∙∙∙∙∙bS∙PP∙∙▒▒▒▒▒▒∙∙∙▒▒▒▒
∙▒∙∙∙∙∙∙∙▒▒ ▒∙∙∙∙∙∙∙
▒▒▒▒▒gr▒▒ ▒▒▒▒▒∙∙∙▒▒▒▒
▒d▒▒ ▒∙∙∙∙∙∙∙▒ ▒∙▒
▒∙▒▒▒∙∙∙▒ ▒∙▒ ▒∙▒▒▒∙∙∙▒
∙∙▒ ▒∙▒▒∙∙∙▒▒
▒▒▒▒▒▒▒▒∙▒▒∙▒∙▒▒▒▒▒
▒∙∙∙∙∙∙∙∙∙∙∙∙∙∙∙▒
▒∙▒▒▒▒∙∙∙∙∙∙∙∙∙∙∙
▒∙▒▒▒▒∙▒▒∙▒▒∙▒▒∙▒
▒∙∙∙∙∙∙∙▒∙∙∙÷▒▒∙▒


You could see Ijyb, 2 ball pythons and a rat.

Vanquished Creatures
  Terence (D:3)
  An orc wizard (D:3)
  Natasha (twice) (D:2)
  4 adders
  3 dart slugs
  3 orcs (D:3)
  2 ball pythons (D:1)
  3 endoplasms
  2 giant cockroaches
  3 goblins
  6 hobgoblins
  4 jackals (D:1)
  2 quokkas
  7 bats
  A frilled lizard (D:3)
  3 kobolds
  12 rats
59 creatures vanquished.

Vanquished Creatures (others)
  A fungus (D:3)
  4 plants (D:3)
5 creatures vanquished.

Grand Total: 64 creatures vanquished

Notes
Turn   | Place    | Note
-------+----------+-------------------------------------------
     0 | D:1      | Zeor the Draconian Monk began the quest for the Orb.
     0 | D:1      | Reached XP level 1. HP: 19/19 MP: 1/1
   109 | D:1      | Reached XP level 2. HP: 21/26 MP: 2/2
   932 | D:1      | Reached XP level 3. HP: 27/31 MP: 3/3
  1439 | D:2      | Reached skill level 4 in Polearms
  1661 | D:2      | Noticed Natasha
  1687 | D:2      | Killed Natasha
  1688 | D:2      | Reached XP level 4. HP: 19/40 MP: 4/4
  1709 | D:2      | Noticed Natasha
  1733 | D:2      | Killed Natasha
  2126 | D:2      | Found a runed translucent door.
  2127 | D:2      | Noticed Crazy Yiuf
  2278 | D:3      | Noticed Terence
  2323 | D:3      | Killed Terence
  2324 | D:3      | Reached XP level 5. HP: 6/46 MP: 5/5
  2999 | D:3      | Reached skill level 5 in Polearms
  3151 | D:3      | Found a faded altar of an unknown god.
  3159 | D:3      | Noticed Ijyb
  3192 | D:3      | HP: 1/46 [Ijyb/+2 dagger of pain (4)]
  3192 | D:3      | Slain by Ijyb

Illustrated notes

Levels and vault maps discovered:
D:1:      scummos_arrival_simple_fountains, layout_loops_corners
D:2:      layout_loops_cross, minmay_misc_feat_tower, uniq_natasha,
          uniq_crazy_yiuf_cottage
D:3:      layout_loops_cross, dreamdust_ecumenical_altar_grove, uniq_ijyb,
          uniq_terence

Skill      XL: |  1  2  3  4  5 |
---------------+----------------+-----
Dodging        | 3 |  3.4
Polearms       | 4 5 |  5.1
Stealth        | 2 |  2.6
Fighting       | |  3.8

Action                   |  1- 3 |  4- 6 || total
-------------------------+-------+-------++-------
Melee: Spear             |   156 |   131 ||   287
       Tailslap          |    13 |    21 ||    34
  Use: Scroll            |     6 |     1 ||     7
       Potion            |     1 |     6 ||     7
 Stab: Sleeping          |     7 |     6 ||    13
Armor: Skin              |    37 |    21 ||    58
Dodge: Dodged            |    59 |    60 ||   119
